 Dungeon Crawl Stone Soup version 0.22-a0-855-g415d086bb8 (webtiles) character file.

8868 LLavrengius the Grappler (level 11, -11/97 HPs)
             Began as a Yellow Draconian Transmuter on July 27, 2018.
             Was an Elder of Makhleb.
             Mangled by a seven-headed hydra (17 damage)
             ... on level 11 of the Dungeon.
             The game lasted 01:29:46 (10530 turns).

LLavrengius the Grappler (DrTm)                    Turns: 10530, Time: 01:29:46

Health: -11/97     AC:  9    Str: 14    XL:     11   Next: 15%
Magic:  16/18      EV: 12    Int: 15    God:    Makhleb [****..]
Gold:   522        SH:  0    Dex: 12    Spells: 12/20 levels left

rFire    . . .     SeeInvis .   S - +2 great sword (flame)
rCold    . . .     Gourm    .   (shield currently unavailable)
rNeg     . . .     Faith    .   (armour unavailable)
rPois    .         Spirit   .   (helmet restricted)
rElec    .         Reflect  .   (no cloak)
rCorr    +         Harm     .   (no gloves)
MR       .....                  v - +1 pair of boots
Stlth    +.........             (no amulet)
HPRegen  0.26/turn              k - ring of wizardry
MPRegen  0.16/turn              (no ring)

@: no status effects
A: spit acid, acid resistance, unfitting armour, cold-blooded, AC +7
a: Breathe Acid, Minor Destruction, Lesser Servant of Makhleb, Major
Destruction, Renounce Religion


You were on level 11 of the Dungeon.
You worshipped Makhleb.
Makhleb was greatly pleased with you.
You were not hungry.

You visited 1 branch of the dungeon, and saw 11 of its levels.

You collected 522 gold pieces.

Inventory:

Hand Weapons
 b - a +1 long sword of freezing
 e - a +5 falchion of holy wrath
 g - a +0 hunting sling
 p - a +0 shortbow
 K - the +7 lajatang of Order {silver, rMut}
   (You found it on level 6 of the Dungeon)

   It protects you from mutation.
 O - a +2 great sword
 S - a +2 great sword of flaming (weapon)
 U - a +0 blowgun
Missiles
 a - 160 arrows
 d - 376 stones (quivered)
 j - 121 bolts
 y - 5 poisoned tomahawks
 F - 79 poisoned needles
 G - 47 sling bullets
 I - 2 curare-tipped needles
 J - 8 javelins
 L - 7 needles of confusion
Armour
 v - a +1 pair of boots (worn)
Magical Staves
 l - an uncursed staff of conjuration
Jewellery
 k - a ring of wizardry (left hand)
 H - an uncursed ring of protection from magic
 N - the ring of the Turtle {Fire Dex+5 Stlth-}
   (You found it on level 7 of the Dungeon)

   [ring of fire]

   It enhances your fire magic.
   It affects your dexterity (+5).
   It protects you from fire.
   It makes you vulnerable to cold.
   It makes you less stealthy.
Wands
 n - a wand of disintegration (16)
 t - a wand of random effects (33)
 M - a wand of clouds (5)
 T - a wand of acid (9)
Scrolls
 f - 2 scrolls of fog
 i - 7 scrolls of identify
 m - a scroll of teleportation
 o - a scroll of amnesia
 w - 2 scrolls of enchant weapon
 x - a scroll of blinking
 E - 7 scrolls of remove curse
 Q - a scroll of enchant armour
 R - a scroll of immolation {unknown}
Potions
 h - a potion of haste
 q - 4 potions of magic {unknown}
 r - 2 potions of might
 s - a potion of degeneration
 u - a potion of invisibility {unknown}
 z - 5 potions of curing
 A - a potion of cancellation {unknown}
 C - a potion of lignification {unknown}
 D - a potion of mutation {unknown}
 P - a potion of brilliance {unknown}
Comestibles
 c - 13 rations


   Skills:
 + Level 9.6 Fighting
 - Level 2.0 Dodging
 * Level 10.2 Unarmed Combat
 - Level 5.1 Spellcasting
 - Level 8.0 Transmutations
 + Level 7.3 Invocations


You had 12 spell levels left.
You knew the following spells:

 Your Spells              Type           Power        Failure   Level  Hunger
a - Beastly Appendage     Tmut           ####..       1%          1    None
b - Sticks to Snakes      Tmut           ####....     1%          2    ##.....
c - Blade Hands           Tmut           ####......   7%          5    ######.

Your spell library contained the following spells:

 Spells                   Type           Power        Failure   Level  Hunger
 Throw Frost              Conj/Ice       #.....       10%         2    ##.....
 Freeze                   Ice            #...         6%          1    None
 Summon Ice Beast         Ice/Summ       #.......     52%         4    ####...
 Ozocubu's Armour         Chrm/Ice       #.......     19%         3    ###....
 Spider Form              Tmut/Pois      ###.......   4%          3    ###....
 Ice Form                 Ice/Tmut       ###.....     12%         4    ####...
 Throw Icicle             Conj/Ice       #.......     52%         4    ####...


Dungeon Overview and Level Annotations

Branches:
Dungeon (11/15)            Temple (0/1) D:5
   Lair: D:8-11         Orc: D:9-12

Altars:
Cheibriados
Elyvilon
Fedhas
Gozag
Kikubaaqudgha
Makhleb
Okawaru
Qazlal
Vehumet
Yredelemnul
The Shining One

Annotations:
D:11 Harold


Innate Abilities, Weirdness & Mutations

You can spit globs of acid.
You are resistant to acid.
Your golden yellow scales are hard. (AC +7)
You cannot fit into any form of body armour.
You are cold-blooded and may be slowed by cold attacks.


Message History

The seven-headed hydra bites you but does no damage.
The seven-headed hydra bites you! The seven-headed hydra bites you.
The seven-headed hydra bites you!
You barely miss the seven-headed hydra. The orc hits you with a flail!
The seven-headed hydra barely misses you.
The seven-headed hydra bites you but does no damage.
The seven-headed hydra bites you!
The seven-headed hydra bites you but does no damage.
The seven-headed hydra bites you! The seven-headed hydra bites you.
* * * LOW HITPOINT WARNING * * *
The seven-headed hydra bites you!
* * * LOW HITPOINT WARNING * * *
The teleport trap disappears.
Your ball python disappears!
The seven-headed hydra bites you.
* * * LOW HITPOINT WARNING * * *
The seven-headed hydra misses you. The seven-headed hydra bites you!
* * * LOW HITPOINT WARNING * * *
The seven-headed hydra bites you!
You die...

....... ... .......#...
.......#..##########
#.....#..#........#####
+.....#..#.............
#.....#..#...........).
#....ยง#..#........<....
#....D@..#.............
#....o#..#########+#.#.
#.....#................
#.....#..............#.
#.....#........####....
#.....#....[...#.......
#.....#........#.......
#....##...#.#@.#.......
#.........#.......


You could see Harold, a seven-headed hydra and an orc.

Vanquished Creatures
  Erolcha (D:9)
  3 two-headed ogres
  A troll (D:8)
  A hippogriff (D:8)
  Eustachio (D:4)
  A human (D:10)
  13 yaks
  2 hungry ghosts
  A soldier ant (D:10)
  A black bear (D:7)
  2 orc warriors (D:10)
  A phantom (D:6)
  An ice beast (D:7)
  3 ogres
  A necrophage (D:7)
  4 centaurs
  2 bullfrogs
  4 big kobolds
  2 scorpions
  11 wights
  5 howler monkeys
  A bullfrog zombie (D:9)
  A centaur zombie (D:5)
  A crimson imp (D:6)
  A jelly (D:6)
  4 orc priests
  4 hounds
  8 orc wizards
  2 centaur skeletons (D:8)
  Ijyb (D:3)
  An iguana (D:9)
  5 worker ants
  A hound zombie (D:8)
  2 worker ant zombies (D:8)
  A gnoll (D:3)
  6 adders
  An adder zombie (D:5)
  A worm (D:4)
  3 dart slugs
  4 leopard geckos
  20 orcs
  A ball python (D:4)
  10 giant cockroaches
  10 goblins
  11 hobgoblins
  3 jackals (D:1)
  2 quokkas (D:7)
  8 bats
  20 kobolds
  2 quokka skeletons
  A quokka zombie (D:7)
  4 rats
201 creatures vanquished.

Vanquished Creatures (collateral kills)
  An ogre (D:4)
  Blork the orc (D:4)
  A bullfrog (D:6)
  A crimson imp (D:5)
  An orc priest (D:5)
  2 orc wizards (D:5)
  2 gnolls (D:3)
  An adder (D:5)
  2 worms
  8 orcs
  A kobold (D:7)
21 creatures vanquished.

Vanquished Creatures (others)
  3 wights (D:8)
  A giant cockroach (D:8)
  4 toadstools (D:1)
8 creatures vanquished.

Grand Total: 230 creatures vanquished

Notes
Turn   | Place    | Note
-------+----------+-------------------------------------------
     0 | D:1      | LLavrengius the Draconian Transmuter began the quest for the Orb.
     0 | D:1      | Reached XP level 1. HP: 16/16 MP: 3/3
    88 | D:1      | Reached XP level 2. HP: 12/23 MP: 5/5
    95 | D:1      | Learned a level 2 spell: Sticks to Snakes
   745 | D:1      | Reached XP level 3. HP: 29/29 MP: 4/6
  1416 | D:2      | Found a basalt altar of Yredelemnul.
  1416 | D:2      | Found a burning altar of Makhleb.
  1416 | D:2      | Found a glowing golden altar of the Shining One.
  1416 | D:2      | Found an iron altar of Okawaru.
  1416 | D:2      | Found a white marble altar of Elyvilon.
  1420 | D:2      | Became a worshipper of Makhleb the Destroyer
  1635 | D:3      | You fall through a shaft for 2 floors!
  1635 | D:5      | Entered Level 5 of the Dungeon
  1669 | D:5      | Reached XP level 4. HP: 35/37 MP: 1/7
  1723 | D:5      | Noticed a centaur
  1785 | D:5      | Killed a centaur
  1785 | D:5      | Reached XP level 5. HP: 24/45 MP: 1/8
  2008 | D:5      | Reached skill level 5 in Transmutations
  2084 | D:5      | Reached XP level 6. HP: 26/52 MP: 2/9
  2536 | D:5      | Found a blossoming altar of Fedhas.
  2542 | D:5      | Found a staircase to the Ecumenical Temple.
  3009 | D:4      | Reached * piety under Makhleb
  3425 | D:4      | Found the +2 robe of Vines {NoPotionHeal Regen+7}
  3496 | D:4      | Your scales start taking on a golden yellow colour.
  3496 | D:4      | Reached XP level 7. HP: 60/60 MP: 4/10
  3606 | D:4      | Noticed Blork the orc
  3613 | D:4      | Killed Blork the orc
  3649 | D:4      | Noticed Eustachio
  3682 | D:4      | Killed Eustachio
  4569 | D:3      | Reached skill level 5 in Fighting
  4581 | D:3      | Learned a level 5 spell: Blade Hands
  4957 | D:3      | Noticed Ijyb
  4984 | D:3      | Killed Ijyb
  5003 | D:3      | Found an opulent altar of Gozag.
  5475 | D:6      | Reached ** piety under Makhleb
  5603 | D:6      | Reached XP level 8. HP: 62/69 MP: 12/12
  6032 | D:6      | Found the +7 lajatang of Order {silver, rMut}
  6132 | D:6      | Found a stormy altar of Qazlal.
  6428 | D:7      | Got a steaming pewter ring
  6449 | D:7      | Identified the ring of the Turtle {Fire Dex+5 Stlth-} (You found it on level 7 of the Dungeon)
  6533 | D:7      | Reached skill level 1 in Invocations
  6605 | D:7      | Reached skill level 4 in Unarmed Combat
  6833 | D:7      | Reached XP level 9. HP: 76/78 MP: 9/15
  6945 | D:7      | Reached *** piety under Makhleb
  6945 | D:7      | Reached skill level 5 in Unarmed Combat
  7223 | D:8      | Noticed a troll
  7230 | D:8      | Killed a troll
  7398 | D:8      | Found a snail-covered altar of Cheibriados.
  7419 | D:8      | Noticed a two-headed ogre
  7433 | D:8      | Killed a two-headed ogre
  7433 | D:8      | Reached skill level 6 in Unarmed Combat
  7433 | D:8      | Reached skill level 5 in Spellcasting
  7529 | D:8      | Found a radiant altar of Vehumet.
  7837 | D:8      | Found an ancient bone altar of Kikubaaqudgha.
  8103 | D:8      | Reached skill level 7 in Unarmed Combat
  8629 | D:9      | Reached skill level 5 in Invocations
  8629 | D:9      | Reached XP level 10. HP: 88/88 MP: 7/17
  8715 | D:9      | Noticed Erolcha
  8731 | D:9      | Killed Erolcha
  8731 | D:9      | Reached skill level 8 in Unarmed Combat
  8811 | D:9      | Noticed a two-headed ogre
  8818 | D:9      | Killed a two-headed ogre
  9000 | D:10     | Entered Level 10 of the Dungeon
  9364 | D:10     | Reached skill level 9 in Unarmed Combat
 10193 | D:10     | Reached **** piety under Makhleb
 10197 | D:10     | Reached XP level 11. HP: 86/97 MP: 13/18
 10272 | D:11     | Noticed a two-headed ogre
 10281 | D:11     | Killed a two-headed ogre
 10281 | D:11     | Reached skill level 10 in Unarmed Combat
 10473 | D:11     | Noticed Harold
 10527 | D:11     | Noticed a seven-headed hydra
 10530 | D:11     | Mangled by a seven-headed hydra

Vault maps used:
D:1:      ldierk_walled_garden_2, st_stairs_14
D:2:      nicolae_overflow_hidden_temple, uniq_sigmund
D:3:      grunt_gozag_statues, corner_web_ring, uniq_ijyb
D:4:      uniq_eustachio, uniq_blork_the_orc
D:5:      minmay_temple_entry_hall, first_ration, fedhas_altar_2
D:6:      kennysheep_mini_moat
D:8:      lemuel_crystal_altar, kiku_gazebo_pond_becter, fiery_altar_vehumet,
          nicolae_underground_beach
D:9:      uniq_erolcha
D:10:     grunt_pizzeria
D:11:     lair_entry_dummy, serial_glass, glass_columns_b, glass_columns_a,
          glass_columns_a, glass_columns_b, glass_columns_a, glass_columns_a,
          uniq_grum, uniq_maurice, uniq_harold, uniq_sonja

Skill      XL: |  1  2  3  4  5  6  7  8  9 10 11 |
---------------+----------------------------------+-----
Dodging        | 2 |  2.0
Transmutations | 3 4 5 6 7 8 |  8.0
Fighting       | 2 3 4 5 6 7 9 |  9.6
Spellcasting   | 3 4 5 |  5.1
Invocations    | 2 5 7 |  7.3
Unarmed Combat | 4 7 9 10 | 10.2

Action                   |  1- 3 |  4- 6 |  7- 9 | 10-12 || total
-------------------------+-------+-------+-------+-------++-------
Melee: Unarmed           |   157 |    29 |    52 |    60 ||   298
       Tailslap          |    18 |    13 |    45 |    15 ||    91
       Headbutt          |     4 |     6 |    23 |    10 ||    43
       Kick              |     4 |    10 |       |       ||    14
       Punch             |       |     4 |     3 |     2 ||     9
       Falchion          |       |    81 |    35 |    12 ||   128
       Long sword        |       |       |   209 |       ||   209
       Great sword       |       |       |       |    62 ||    62
 Fire: Hunting sling     |    13 |       |     5 |       ||    18
       Hand crossbow     |       |       |    12 |       ||    12
 Cast: Beastly Appendage |    22 |    10 |    34 |     9 ||    75
       Sticks to Snakes  |     2 |    23 |    31 |     2 ||    58
       Blade Hands       |       |       |    11 |     9 ||    20
Invok: Minor Destruction |       |       |       |     1 ||     1
       Lesser Servant of |       |       |       |     1 ||     1
 Abil: Breathe Acid      |       |       |     6 |     5 ||    11
Evoke: Wand              |       |       |     2 |     1 ||     3
  Use: Potion            |       |     5 |     1 |       ||     6
       Scroll            |       |       |    13 |       ||    13
 Stab: Distracted        |       |     1 |     1 |     1 ||     3
       Sleeping          |       |       |     1 |     1 ||     2
  Eat: Chunk             |     3 |     7 |    20 |    10 ||    40
       Ration            |       |       |     2 |       ||     2
Armor: Skin              |    53 |    32 |   136 |    41 ||   262
Dodge: Dodged            |    95 |    70 |   229 |    90 ||   484
       Rpst.: Falchion   |       |    18 |     3 |     2 ||    23
       Long sword        |       |       |    58 |       ||    58
       Great sword       |       |       |       |    16 ||    16

Table legend:
 A = Spawn XP
 B = Non-spawn XP
 C = Spawn XP percentage of total XP
 D = Spawn monster count
 E = Non-spawn monster count
 F = Spawn count percentage of total count
 G = Total turns spent on level
                    A         B        C        D         E        F      G
               +---------+---------+-------+---------+---------+-------+---------
         Total |       0 |   12669 |   0.0 |       0 |     222 |   0.0 | 10530
               +---------+---------+-------+---------+---------+-------+---------
           D:1 |       0 |      62 |   0.0 |       0 |      32 |   0.0 |  1305
           D:2 |       0 |       3 |   0.0 |       0 |       2 |   0.0 |   124
           D:3 |       0 |     210 |   0.0 |       0 |      29 |   0.0 |  1083
           D:4 |       0 |     349 |   0.0 |       0 |      11 |   0.0 |  1364
           D:5 |       0 |     547 |   0.0 |       0 |      28 |   0.0 |  1562
           D:6 |       0 |     556 |   0.0 |       0 |      14 |   0.0 |   795
           D:7 |       0 |    1494 |   0.0 |       0 |      32 |   0.0 |   990
           D:8 |       0 |    2250 |   0.0 |       0 |      16 |   0.0 |  1145
           D:9 |       0 |    2347 |   0.0 |       0 |       8 |   0.0 |   632
          D:10 |       0 |    3652 |   0.0 |       0 |      42 |   0.0 |  1272
          D:11 |       0 |    1199 |   0.0 |       0 |       8 |   0.0 |   258
               +---------+---------+-------+---------+---------+-------+---------
